 Dungeon Crawl Stone Soup version 0.16.0-16-g311141a (webtiles) character file.

510 valak23 the Conjurer (level 6, -21/46 HPs)
             Began as a Draconian Conjurer on Mar 20, 2015.
             Was a Believer of Qazlal.
             Killed from afar by valak23's ghost (38 damage)
             ... with a bolt of negative energy
             ... on level 5 of the Dungeon.
             The game lasted 00:21:22 (4201 turns).

valak23 the Conjurer (Draconian Conjurer)           Turns: 4201, Time: 00:21:22

Health: -21/46     AC:  9    Str: 10    XL:     6   Next: 98%
Magic:  3/13       EV: 12    Int: 17    God:    Qazlal [**....]
Gold:   177        SH:  3    Dex: 12    Spells: 3 memorised, 5 levels left

rFire  . . .     SeeInvis .     n - +1 quarterstaff
rCold  . . .     Clarity  .     (armour unavailable)
rNeg   . . .     SustAb   .     (no shield)
rPois  .         Gourm    .     (helmet restricted)
rElec  .         Spirit   .     h - +0 cloak
rCorr  .         Warding  .     (no gloves)
rMut   .         Stasis   .     d - +1 pair of boots
MR     .....                    (no amulet)
Stlth  +.........               (no ring)
                                (no ring)

@: hasted, heavily drained, very quick, not resistant to hostile enchantments,
very unstealthy
A: unfitting armour, cold-blooded, AC +6
a: Upheaval, Renounce Religion


You were on level 5 of the Dungeon.
You worshipped Qazlal.
Qazlal was pleased with you.
You were not hungry.

You visited 1 branch of the dungeon, and saw 5 of its levels.

You collected 177 gold pieces.

Inventory:

Hand weapons
 i - a +0 mace
 n - a +1 quarterstaff (weapon)
Armour
 d - a +1 pair of boots (worn)
 h - a +0 cloak (worn)
Magical devices
 b - a wand of digging (13)
Scrolls
 g - a scroll of identify
 k - a scroll of immolation {unknown}
 p - a scroll of recharging
 q - a scroll of remove curse {unknown}
 s - 2 scrolls of enchant armour {unknown}
Potions
 a - a potion of invisibility {unknown}
 e - a potion of mutation {unknown}
 l - a potion of haste
 o - a potion of flight {unknown}
 r - a potion of might {unknown}
Books
 c - a book of Conjurations

   Spells                             Type                      Level
   a - Magic Dart                     Conjuration                  1
   b - Searing Ray                    Conjuration                  2
   c - Dazzling Spray                 Conjuration/Hexes            3
   d - Fulminant Prism                Conjuration/Hexes            4
   e - Iskenderun's Mystic Blast      Conjuration                  4
   f - Iskenderun's Battlesphere      Conjuration/Charms           5
Comestibles
 f - a meat ration
 j - a beef jerky
 m - 3 bread rations


   Skills:
 + Level 0.9(0.0) Fighting
 + Level 1.4(0.2) Staves
 + Level 3.4(2.2) Dodging
 + Level 3.1(1.9) Stealth
 + Level 0.2(0.0) Unarmed Combat
 + Level 3.7(2.5) Spellcasting
 + Level 5.7(4.4) Conjurations


You had 5 spell levels left.
You knew the following spells:

 Your Spells              Type           Power        Failure   Level  Hunger
a - Magic Dart            Conj           ###.         2%          1    #......
b - Searing Ray           Conj           ###...       4%          2    ##.....
c - Iskenderun's Mystic   Conj           ###.....     30%         4    #####..


Dungeon Overview and Level Annotations

Branches:
Dungeon (5/15)
 Temple: D:4-7

Altars:
Qazlal

Shops:
D:4 (

Annotations:
D:5 valak23's ghost, experienced DrFi


Innate Abilities, Weirdness & Mutations

Your plain brown scales are hard (AC +6).
Your body does not fit into most forms of armour.
Your cold-blooded metabolism reacts poorly to cold.


Message History

Aim: valak23's ghost, wielding a vorpal weapon (lightly damaged, catching its breath)
The searing ray hits valak23's ghost.
Valak23's ghost is moderately damaged.
Valak23's ghost barely misses you.
The searing ray hits valak23's ghost.
Valak23's ghost is moderately damaged.
Valak23's ghost hits you!
The searing ray hits valak23's ghost.
Valak23's ghost is moderately damaged.
Valak23's ghost misses you.
The searing ray hits valak23's ghost.
Valak23's ghost is moderately damaged.
Valak23's ghost closely misses you. Valak23's ghost closely misses you.
Drink which item? (? for menu, Esc to quit)
You feel yourself speed up.
Valak23's ghost breathes negative energy at you.
The bolt of negative energy hits you!
You feel drained.
Ouch! That really hurt!
You die...

###########.......
...........<......
#.#########.#'#...
#.#########.#.#...
##...........#.#...
..................
#.........#.#.#...
#..######.#.#.#.##
#@W...............
#.ยง.#####.#..>...
#...# #.###.#..
#...#####.###.#.
#.............#
#..###........####
#..# #............
#..# #############
#..#


You could see valak23's ghost.

Vanquished Creatures
  An ogre (D:4)
  A scorpion (D:5)
  A crimson imp (D:5)
  A giant frog zombie (D:3)
  A worker ant (D:5)
  Robin (D:4)
  13 adders
  7 gnolls
  2 giant mites
  An adder skeleton (D:4)
  3 giant geckos
  An ooze (D:2)
  2 orcs (D:4)
  9 bats
  A bat zombie (D:5)
  8 hobgoblins
  5 jackals
  2 quokkas (D:2)
  4 giant cockroaches
  3 giant newts
  15 goblins
  7 kobolds
  7 rats
96 creatures vanquished.

Vanquished Creatures (others)
  4 toadstools (D:1)
4 creatures vanquished.

Grand Total: 100 creatures vanquished

Notes
Turn   | Place    | Note
--------------------------------------------------------------
     0 | D:1      | valak23, the Draconian Conjurer, began the quest for the Orb.
     0 | D:1      | Reached XP level 1. HP: 14/14 MP: 3/3
    81 | D:1      | Reached XP level 2. HP: 18/20 MP: 0/4
    85 | D:1      | Learned a level 2 spell: Searing Ray
   763 | D:2      | Found a stormy altar of Qazlal.
   769 | D:2      | Noticed a fire elemental
   770 | D:2      | Noticed an earth elemental
   771 | D:2      | Noticed an air elemental
   771 | D:2      | Noticed a water elemental
   783 | D:2      | Became a worshipper of Qazlal Stormbringer
  1054 | D:2      | Reached XP level 3. HP: 9/26 MP: 0/6
  1261 | D:2      | Reached skill level 5 in Conjurations
  1592 | D:2      | Reached XP level 4. HP: 33/33 MP: 1/7
  1678 | D:2      | Learned a level 4 spell: Iskenderun's Mystic Blast
  1838 | D:3      | Acquired Qazlal's first power
  1886 | D:3      | Reached XP level 5. HP: 32/38 MP: 0/9
  2295 | D:4      | Noticed Robin
  2498 | D:4      | Noticed an ogre
  2521 | D:5      | Entered Level 5 of the Dungeon
  2720 | D:5      | HP: 1/38 [ogre/giant club (9)]
  3227 | D:5      | Reached XP level 6. HP: 35/46 MP: 7/13
  3260 | D:5      | Reached skill level 1 in Staves
  3263 | D:5      | Acquired Qazlal's second power
  3512 | D:4      | Killed Robin
  3664 | D:4      | Killed an ogre
  4006 | D:4      | Found Vaonwyrgh's Weapon Shoppe.
  4186 | D:5      | Noticed valak23's ghost (experienced DrFi)
  4201 | D:5      | Killed from afar by valak23's ghost

Action                   |  1- 3 |  4- 6 || total
-------------------------+-------+-------++-------
Melee: Unarmed           |    13 |       ||    13
       Mace              |    19 |     3 ||    22
       Quarterstaff      |       |    66 ||    66
 Cast: Magic Dart        |    46 |   112 ||   158
       Searing Ray       |     1 |     7 ||     8
       Iskenderun's Myst |       |     9 ||     9
  Use: Scroll            |       |     8 ||     8
       Potion            |       |     3 ||     3
 Stab: Sleeping          |     1 |       ||     1
  Eat: Bread ration      |     1 |       ||     1
       Meat ration       |       |     2 ||     2
